[Event "ICCopen2016"]
[Site "Internet Chess Club"]
[Date "2016.06.03"]
[Round "9"]
[White "Tal-Baron"]
[Black "Spirals"]
[Result "1-0"]
[ICCResult "Black forfeits on time"]
[WhiteElo "2816"]
[BlackElo "2172"]
[Opening "Sicilian: Najdorf, 6.Bg5"]
[ECO "B94"]
[NIC "SI.04"]
[Time "20:34:52"]
[TimeControl "180+0"]

1. e4 c5 2. Nf3 d6 3. d4 cxd4 4. Nxd4 Nf6 5. Nc3 a6 6. Bg5 Nbd7 7. Qe2 h6 8.
Bh4 e6 9. f4 Be7 10. O-O-O O-O 11. g3 Ne8 12. Bxe7 Qxe7 13. Bg2 Nc7 14. Rhe1
Re8 15. Kb1 Nf8 16. h4 Bd7 17. e5 d5 18. g4 b5 19. Qf2 b4 20. Nce2 Nb5 21.
h5 Rac8 22. Rg1 Nh7 23. Bf3 Kh8 24. Qe3 Nxd4 25. Nxd4 a5 26. g5 Rg8 27. g6
fxg6 28. Rxg6 Rgf8 29. Rdg1 Rf7 30. f5 exf5 31. Bxd5 f4 32. Qd2 Bf5 33. Bxf7
Bxg6 34. Bxg6 Qxe5 35. Bxh7 Kxh7 36. Re1 Qf6 37. Qd3+ Kh8 38. b3 Rd8 39. Re4
f3 40. Qxf3 Rxd4 41. Qxf6 Rd1+ 42. Kb2 gxf6 43. Re6 Kg7 44. Re7+ Kf8 45. Ra7
f5 46. Rxa5 Rf1 47. Rb5 Kf7 48. Rxb4 Kf6 49. a4 Kg5 50. a5 Re1 51. a6 Re8
52. a7 Ra8 53. Rb7 f4 54. Rf7 Kxh5 55. Rxf4 Rxa7 56. Rf1 Rb7 57. Rg1 Kh4 58.
c3 h5 59. b4 {Black forfeits on time} 1-0

[Event "ICCopen2016"]
[Site "Internet Chess Club"]
[Date "2016.06.03"]
[Round "9"]
[White "ebochess"]
[Black "TudoracheM"]
[Result "0-1"]
[ICCResult "White resigns"]
[WhiteElo "1436"]
[BlackElo "1706"]
[Opening "King's Indian: London system"]
[ECO "A48"]
[NIC "QP.03"]
[Time "20:35:19"]
[TimeControl "180+0"]

1. d4 Nf6 2. Nf3 g6 3. Bf4 Bg7 4. e3 d6 5. c3 h6 6. Be2 O-O 7. h3 Nc6 8. Qc2
Nd7 9. Bc4 Kh7 10. h4 e5 11. dxe5 dxe5 12. Bg3 f5 13. Nbd2 Nb6 14. Bb3 Qe7
15. O-O-O Be6 16. Bxe6 Qxe6 17. Nb3 Rad8 18. Kb1 Nd7 19. Nc5 Nxc5 20. Rhe1
Ne4 21. h5 Rxd1+ 22. Rxd1 Rd8 23. hxg6+ Kg8 24. Rxd8+ Nxd8 25. Bh4 Nc6 26.
Qa4 Qd5 27. a3 a6 28. Ne1 Ng5 29. Bxg5 hxg5 30. e4 Qxe4+ 31. Ka2 Qxa4 32.
Nc2 Qxc2 33. f4 gxf4 {White resigns} 0-1

[Event "ICCopen2016"]
[Site "Internet Chess Club"]
[Date "2016.06.03"]
[Round "9"]
[White "Vegita"]
[Black "DetectiveStark"]
[Result "0-1"]
[ICCResult "White forfeits on time"]
[WhiteElo "2301"]
[BlackElo "2499"]
[Opening "French: Tarrasch, open variation"]
[ECO "C07"]
[NIC "FR.19"]
[Time "20:35:21"]
[TimeControl "180+0"]

1. e4 e6 2. d4 d5 3. Nd2 c5 4. exd5 Qxd5 5. Ngf3 cxd4 6. Bc4 Qd7 7. O-O Nc6
8. Nb3 Nf6 9. Nbxd4 Nxd4 10. Nxd4 a6 11. Re1 Bc5 12. c3 b5 13. Bb3 Bxd4 14.
cxd4 Bb7 15. Bf4 O-O 16. Be5 Qd8 17. Rc1 Re8 18. Qd2 Nd5 19. Bc2 Qh4 20. Bg3
Qh5 21. Re5 Qh6 22. Qxh6 gxh6 23. Be4 Rac8 24. Rd1 f6 25. Bxd5 Bxd5 26. Re2
Bxa2 27. b4 Bd5 28. h3 Rc4 29. Ra1 Ra8 30. Bd6 Kf7 31. Bc5 h5 32. h4 Bb7 33.
Re3 Rg8 34. Kh2 Rxg2+ 35. Kh3 Rg4 36. Rg3 e5 37. Rxg4 hxg4+ 38. Kxg4 exd4
39. Kf4 d3+ 40. Ke3 Rxh4 41. Kxd3 Rf4 42. Ke3 Rf3+ 43. Ke2 h5 44. Rd1 Ke8
45. Rd6 Rf5 46. Rb6 Bc8 47. Rd6 h4 48. Rd4 Rh5 49. Bd6 h3 50. Bh2 Rg5 51.
Bg3 Rg4 52. Rxg4 Bxg4+ 53. Ke3 Kd7 54. Kd4 Kc6 55. Bh2 Be6 56. Bg3 Bc4 57.
Bh2 Kb6 58. Kc3 a5 59. bxa5+ Kxa5 60. Kb2 b4 61. Bg3 Kb5 62. Bh2 Bd5 63. Bg3
Kc4 64. Bh2 Bc6 65. Bg3 Ba4 66. Bh2 Kd3 67. Bg3 f5 68. Bh2 Ke2 69. Bg3 Kf3
{White forfeits on time}
0-1

[Event "ICCopen2016"]
[Site "Internet Chess Club"]
[Date "2016.06.03"]
[Round "9"]
[White "Nightlife"]
[Black "Tresor77"]
[Result "1-0"]
[ICCResult "Black forfeits on time"]
[WhiteElo "1855"]
[BlackElo "1472"]
[Opening "Sicilian: Smith-Morra gambit"]
[ECO "B21"]
[NIC "SI.48"]
[Time "20:35:06"]
[TimeControl "180+0"]

1. e4 c5 2. d4 cxd4 3. c3 dxc3 4. Nxc3 Nc6 5. Nf3 d6 6. Bc4 e6 7. O-O Nf6 8.
Qe2 Be7 9. Rd1 O-O 10. e5 Nd5 11. Nxd5 exd5 12. Bxd5 Qc7 13. e6 fxe6 14.
Bxe6+ Bxe6 15. Qxe6+ Kh8 16. Bg5 Rae8 17. Qb3 Rd8 18. Rac1 Qd7 19. Bxe7 Qxe7
20. Qd5 Ne5 21. Nd4 Rf6 22. Nb5 a6 23. Rc7 Qe6 24. Qxe6 Rxe6 25. Nd4 Ree8
26. Rxb7 Rb8 27. Rxb8 Rxb8 28. b3 Kg8 29. h3 Kf7 30. f4 Nd7 31. Nf5 Nc5 32.
Rxd6 g6 33. Ng3 Ke7 34. Rc6 Nd3 35. Rxa6 Nb4 36. Ra7+ Kf6 37. Rxh7 Nxa2 38.
Ne4+ Kf5 39. Re7 Rxb3 40. g4+ Kxf4 41. Nc5 Rb1+ 42. Kf2 Rb2+ 43. Re2 Rxe2+
44. Kxe2 Kg3 45. g5 Kxh3 46. Ne4 Kg4 47. Ke3 Kf5 48. Kd4 Nb4 49. Kc4 Nc6 50.
Kd5 Ne7+ 51. Kd4 {Black forfeits on time} 1-0

[Event "ICCopen2016"]
[Site "Internet Chess Club"]
[Date "2016.06.03"]
[Round "9"]
[White "playbr"]
[Black "ShadowLike"]
[Result "0-1"]
[ICCResult "White forfeits on time"]
[WhiteElo "1723"]
[BlackElo "1968"]
[Opening "Two knights defense"]
[ECO "C55"]
[NIC "KP.02"]
[Time "20:35:04"]
[TimeControl "180+0"]

1. e4 e5 2. Nf3 Nc6 3. d4 exd4 4. Bc4 Nf6 5. O-O Bc5 6. c3 d3 7. e5 d5 8.
Bxd3 Ng4 9. Bf4 Qe7 10. h3 Nxf2 11. Rxf2 Bxf2+ 12. Kxf2 Be6 13. Nbd2 O-O-O
14. Qa4 Kb8 15. Be3 Bd7 16. Nb3 b6 17. Qf4 f6 18. exf6 gxf6 19. Nbd4 Ne5 20.
Bf1 Rhg8 21. Re1 Bc8 22. Nxe5 fxe5 23. Nc6+ Kb7 24. Nxd8+ Qxd8 25. Qa4 d4
26. cxd4 Qh4+ 27. Kg1 Qxe1 28. Bf2 Qe4 29. Qc4 Kb8 30. Qxg8 exd4 31. Bg3
Qe3+ 32. Kh2 d3 {White forfeits on time} 0-1

[Event "ICCopen2016"]
[Site "Internet Chess Club"]
[Date "2016.06.03"]
[Round "9"]
[White "Peretyatko"]
[Black "Creedence"]
[Result "0-1"]
[ICCResult "White forfeits on time"]
[WhiteElo "2768"]
[BlackElo "3102"]
[Opening "Mieses opening"]
[ECO "A00"]
[NIC "VO.13"]
[Time "20:35:02"]
[TimeControl "180+0"]

1. d3 e5 2. g3 Nf6 3. Bg2 d5 4. e4 dxe4 5. dxe4 Qxd1+ 6. Kxd1 Nc6 7. c3 Bg4+
8. f3 O-O-O+ 9. Kc2 Be6 10. Bh3 Bd7 11. Be3 h5 12. Bxd7+ Nxd7 13. b4 h4 14.
g4 Ne7 15. Nh3 Ng6 16. Nd2 Be7 17. Rhd1 Ndf8 18. Nc4 Rxd1 19. Rxd1 Ne6 20.
a4 a6 21. Nb2 Rd8 22. Rxd8+ Bxd8 23. b5 axb5 24. axb5 c6 25. bxc6 bxc6 26.
Nd3 Kb7 27. Kb3 Ba5 28. Kc4 f6 29. Ng1 Ne7 30. Ne2 Nc8 31. Nc5+ Nxc5 32.
Bxc5 Kc7 33. Bf8 g5 34. Nc1 Bb6 35. h3 Kd7 36. Nd3 Nd6+ 37. Bxd6 Kxd6 38.
Kb4 Bg1 39. Ka5 Be3 40. Ka6 Kc7 41. c4 Bd4 42. Nb4 Bc5 43. Nd3 Ba3 44. Ka7
Bd6 45. Nc1 Bc5+ 46. Ka6 Be3 47. Nb3 Bg1 48. c5 Be3 49. Ka5 Kb7 50. Kb4 Ka6
51. Kc4 Bf2 52. Kb4 Be1+ 53. Kc4 Ba5 54. Nc1 Bd2 55. Nb3 Be1 56. Nc1 Ka5 57.
Nd3 Bd2 58. Nb2 Bb4 59. Nd3 Ba3 60. Ne1 Ka4 61. Ng2 Bc1 62. Ne1 Be3 63. Nd3
Bd2 64. Nb2+ Ka3 65. Nd3 Ba5 66. Nc1 Kb2 67. Nb3 Be1 68. f4 gxf4
{White forfeits on time}
0-1

[Event "ICCopen2016"]
[Site "Internet Chess Club"]
[Date "2016.06.03"]
[Round "9"]
[White "RobbieWilliams"]
[Black "minmax"]
[Result "1/2-1/2"]
[ICCResult "Black ran out of time and White has no material to mate"]
[WhiteElo "1819"]
[BlackElo "2036"]
[Opening "Queen's pawn game"]
[ECO "D00"]
[NIC "QP.08"]
[Time "20:35:24"]
[TimeControl "180+0"]

1. d4 d5 2. e3 c6 3. Bd3 Nf6 4. Nd2 Nbd7 5. f4 e6 6. Ngf3 Be7 7. O-O b6 8.
c3 Bb7 9. Ne5 c5 10. Qf3 Rc8 11. g4 cxd4 12. exd4 h6 13. h4 Ne4 14. Nxe4
dxe4 15. Bxe4 Bxe4 16. Qxe4 Bxh4 17. f5 O-O 18. fxe6 fxe6 19. Be3 Nf6 20.
Qg2 Nd5 21. Bd2 Bg5 22. Ng6 Rxf1+ 23. Rxf1 Bxd2 24. Rf8+ Qxf8 25. Nxf8 Be3+
26. Kh2 Rxf8 27. Qe4 Bf4+ 28. Kg2 Rf6 29. c4 Ne3+ 30. Kg1 Nxg4 31. Qa8+ Kh7
32. d5 Bh2+ 33. Kg2 exd5 34. cxd5 Bd6 35. Qb7 Ne3+ 36. Kg1 Bc5 37. Kh2 Bd6+
38. Kg1 Bc5 39. Kh2 Rf2+ 40. Kg3 Rg2+ 41. Kf3 Rxb2 42. a4 Rd2 43. Ke4 Rxd5
44. Qc6 Rd6 45. Qe8 Rd4+ 46. Kf3 Rd6 47. Qe4+ Kh8 48. Qa8+ Kh7 49. Qxa7 Rf6+
50. Ke4 Nf5 51. Ke5 Ng3 52. Qd7 h5 53. Qc8 Bd6+ 54. Kd5 h4 55. Qc2+ Kg8 56.
Qg2 Bf4 57. Qh3 Bg5 58. Qc8+ Kh7 59. Qc2+ Nf5 60. Qe4 Kg6 61. Qd3 Rd6+ 62.
Ke5 Rxd3 63. Ke4 Ra3 64. Ke5 Rxa4 65. Ke6 h3 66. Ke5 h2
{Black ran out of time and White has no material to mate}
1/2-1/2

[Event "ICCopen2016"]
[Site "Internet Chess Club"]
[Date "2016.06.03"]
[Round "9"]
[White "smsxman"]
[Black "servantalt"]
[Result "1/2-1/2"]
[ICCResult "Game drawn by repetition"]
[WhiteElo "1147"]
[BlackElo "1572"]
[Opening "Caro-Kann: Hillbilly attack"]
[ECO "B10"]
[NIC "CK.01"]
[Time "20:37:40"]
[TimeControl "180+0"]

1. e4 c6 2. Bc4 d5 3. exd5 cxd5 4. Bb3 e6 5. d4 Nf6 6. Nf3 Be7 7. O-O Nc6 8.
Re1 Na5 9. Ba4+ Bd7 10. Bxd7+ Qxd7 11. b3 Nc6 12. Bb2 O-O 13. c4 Rac8 14.
cxd5 exd5 15. Nc3 Rfe8 16. Ne5 Nxe5 17. dxe5 Ne4 18. Nxe4 Bb4 19. Nc3 Bxc3
20. Bxc3 Rxc3 21. Rc1 Rec8 22. Rxc3 Rxc3 23. Qd2 Rc5 24. g3 b6 25. f4 Qc7
26. b4 Rc2 27. Qxd5 g6 28. g4 Qc3 29. Qd8+ Kg7 30. Qf6+ Kg8 31. Qd8+ Kg7 32.
Qf6+ Kg8 33. Qd8+ Kg7 34. Qf6+ {Game drawn by repetition} 1/2-1/2

[Event "ICCopen2016"]
[Site "Internet Chess Club"]
[Date "2016.06.03"]
[Round "9"]
[White "Alright2015"]
[Black "HawkKing"]
[Result "1-0"]
[ICCResult "Black checkmated"]
[WhiteElo "2085"]
[BlackElo "2262"]
[Opening "English opening: Agincourt variation"]
[ECO "A13"]
[NIC "QP.11"]
[Time "20:34:57"]
[TimeControl "180+0"]

1. Nf3 e6 2. c4 d5 3. e3 Nf6 4. b3 Be7 5. g3 O-O 6. Bg2 c6 7. O-O b6 8. Qe2
Bb7 9. Bb2 Nbd7 10. Nc3 Ne4 11. Rad1 f5 12. Nb1 Bf6 13. d3 Nec5 14. b4 Na4
15. Bxf6 Qxf6 16. Qc2 b5 17. Nd4 e5 18. cxb5 exd4 19. Qxa4 cxb5 20. Qxb5 Bc6
21. Bxd5+ Bxd5 22. Qxd5+ Qf7 23. Qxf7+ Kxf7 24. exd4 Nb6 25. Nc3 Rfd8 26. d5
Rac8 27. Rc1 Rc7 28. Nb5 Rxc1 29. Rxc1 Rxd5 30. Nxa7 Rxd3 31. a4 Nxa4 32. b5
Nc3 33. Kf1 Nd5 34. Nc8 Rb3 35. Rc5 Ke6 36. Nb6 Nc3 37. Rc6+ Kf7 38. Rc7+
Kg6 39. Rc6+ Kh5 40. Rc5 g6 41. Nd5 Nxb5 42. Nf6+ Kh6 43. Rc7 Nd4 44. h4 g5
45. hxg5+ Kxg5 46. Nxh7+ Kg4 47. Rc4 Rb1+ 48. Kg2 Rd1 49. Nf6+ Kg5 50. Nd5
Ne2 51. Nf4 Nc1 52. Rc6 Rg1+ 53. Kxg1 Ne2+ 54. Nxe2 Kg4 55. Rc4+ Kf3 56.
Rf4+ Kxe2 57. Rxf5 Kd3 58. Rf4 Ke2 59. g4 Kd3 60. g5 Kc3 61. g6 Kd3 62. g7
Kc3 63. g8=Q Kd2 64. Qg5 Kd3 65. Rh4 Ke2 66. f4 Ke1 67. f5 Ke2 68. Kg2 Kd1
69. Kg3 Ke2 70. Kg4 Kd3 71. Kh5 Kc2 72. Rf4 Kb3 73. Qg3+ Kc2 74. Rf2+ Kd1
75. Qg1# {Black checkmated} 1-0

[Event "ICCopen2016"]
[Site "Internet Chess Club"]
[Date "2016.06.03"]
[Round "9"]
[White "OparinGrigoriy"]
[Black "Discoverchess"]
[Result "1/2-1/2"]
[ICCResult "Game drawn because neither player has mating material"]
[WhiteElo "2818"]
[BlackElo "2587"]
[Opening "French: Burn variation"]
[ECO "C11"]
[NIC "FR.05"]
[Time "20:34:55"]
[TimeControl "180+0"]

1. e4 e6 2. d4 d5 3. Nc3 Nf6 4. Bg5 dxe4 5. Nxe4 Be7 6. Bxf6 gxf6 7. Nf3 f5
8. Nc3 a6 9. Qe2 b5 10. O-O-O b4 11. Na4 Qd5 12. c4 Qa5 13. b3 Bd7 14. Nc5
O-O 15. Ne5 Bc6 16. h4 Rd8 17. Rh3 Qa3+ 18. Kb1 Bxc5 19. dxc5 Be4+ 20. Ka1
Nc6 21. Nxc6 Bxc6 22. Rhd3 Rxd3 23. Qxd3 a5 24. Qd2 a4 25. bxa4 b3 26. Rb1
Rxa4 27. Rb2 Qxa2+ 28. Rxa2 Rxa2+ 29. Qxa2 bxa2 30. Kxa2 Kg7 31. Kb3 Kf6 32.
Kc3 Ke5 33. g3 f4 34. Be2 fxg3 35. fxg3 Ke4 36. Bh5 f6 37. Kd2 Kd4 38. Bf7
e5 39. g4 Kxc5 40. Ke3 h6 41. Bg8 Bb7 42. Be6 Ba6 43. Kd3 Bb7 44. Ke3 Ba6
45. Kd3 Bb7 46. Ke3 Bc6 47. Kd3 Kd6 48. Ke3 Kc5 49. Bf5 Kxc4 50. Bd3+ Kc5
51. Bf5 Kd6 52. g5 hxg5 53. h5 Be8 54. h6 Bg6 55. h7 Bxh7 56. Bxh7 c5 57.
Bf5 Kd5 58. Bc2 c4 59. Ke2 Kc5 60. Bb1 Kb4 61. Bf5 e4 62. Bxe4 c3 63. Kd1
Ka3 64. Kc2 g4 65. Bd3 g3 66. Bf1 Kb4 67. Bg2 f5 68. Bf3 f4 69. Kd3 Kc5 70.
Kc2 Kd6 71. Bg2 Ke5 72. Kxc3 Kf5 73. Kd3 Kg4 74. Ke2 f3+ 75. Bxf3+ Kg5 76.
Bg2 Kh4 77. Kf1 Kg5 78. Kg1 Kf6 79. Bf1 Ke5 80. Bg2 Kd6 81. Bf3 Kc5 82. Kg2
Kb6 83. Kxg3 {Game drawn because neither player has mating material} 1/2-1/2

[Event "ICCopen2016"]
[Site "Internet Chess Club"]
[Date "2016.06.03"]
[Round "9"]
[White "Panesso"]
[Black "B-Alqudaimi"]
[Result "1-0"]
[ICCResult "Black forfeits on time"]
[WhiteElo "2253"]
[BlackElo "2471"]
[Opening "Ruy Lopez: exchange variation, Alapin gambit"]
[ECO "C68"]
[NIC "RL.08"]
[Time "20:35:28"]
[TimeControl "180+0"]

1. e4 e5 2. Nf3 Nc6 3. Bb5 a6 4. Bxc6 dxc6 5. O-O Bg4 6. h3 h5 7. d3 Qf6 8.
Nbd2 Bc5 9. c3 O-O-O 10. hxg4 hxg4 11. Nh2 Kb8 12. Qxg4 Rxd3 13. Ndf3 Nh6
14. Qg5 Qxg5 15. Bxg5 f6 16. Bxh6 Rxh6 17. Rad1 Rd6 18. Rxd6 cxd6 19. Rd1
Kc7 20. Kf1 Rh8 21. Ke2 g6 22. Ng4 f5 23. exf5 gxf5 24. Ne3 f4 25. Nf5 a5
26. Ng5 Re8 27. Ng7 Rg8 28. N7e6+ Kb6 29. Nxc5 Kxc5 30. Nf7 Kc4 31. Nxd6+
Kc5 32. Ne4+ Kb6 33. Kf3 a4 34. Rd7 Rh8 35. Nd6 Rh1 36. Rxb7+ Kc5 37. Ne4+
Kd5 38. Rd7+ Kc4 39. Rd6 c5 40. Rc6 Ra1 41. Rxc5+ Kd3 42. Rb5 Rxa2 43. Nc5+
Kc2 44. Ke4 a3 45. bxa3 f3 46. gxf3 Kd1 47. Kxe5 Re2+ 48. Ne4
{Black forfeits on time}
1-0

[Event "ICCopen2016"]
[Site "Internet Chess Club"]
[Date "2016.06.03"]
[Round "9"]
[White "faust"]
[Black "stoptryharding"]
[Result "0-1"]
[ICCResult "White checkmated"]
[WhiteElo "3183"]
[BlackElo "2429"]
[Opening "French: Steinitz variation"]
[ECO "C11"]
[NIC "FR.04"]
[Time "20:34:55"]
[TimeControl "180+0"]

1. e4 e6 2. d4 d5 3. Nc3 Nf6 4. e5 Nfd7 5. f4 c5 6. Nf3 Be7 7. Be3 O-O 8.
Qd2 b6 9. Be2 Ba6 10. O-O Bxe2 11. Nxe2 Nc6 12. c3 f5 13. h3 c4 14. g4 b5
15. gxf5 exf5 16. Kh2 Qe8 17. Rg1 Nd8 18. a4 bxa4 19. Qc2 Nb6 20. Ng3 Qf7
21. Rg2 Ne6 22. Rag1 Kh8 23. Bc1 Rab8 24. Nf1 Rg8 25. Rg3 Bd8 26. h4 Nc8 27.
Qxa4 a5 28. Rh3 Ne7 29. h5 h6 30. Ng3 Nc8 31. Qc2 Rf8 32. Nf1 Ra8 33. Qa4
Rb8 34. Qc6 Ne7 35. Qd7 Nc7 36. Ne3 Qe6 37. Qa4 Qc6 38. Qd1 Ne6 39. Ng2 Ng8
40. Rg3 a4 41. Rg6 Qd7 42. Qc2 Ne7 43. Ngh4 Nxg6 44. Nxg6+ Kg8 45. Nxf8 Nxf8
46. Qg2 Qf7 47. Qh3 Ne6 48. Rg2 Kh7 49. Ng1 Rb3 50. Ne2 Be7 51. Ng3 a3 52.
bxa3 Rxc3 53. Qxf5+ Qxf5 54. Nxf5 Bf8 55. Bb2 Rf3 56. Nh4 Rxf4 57. Ng6 Rf5
58. Nxf8+ Nxf8 59. a4 Rxh5+ 60. Kg1 Rh3 61. a5 Rb3 62. Kh2 Ne6 63. Bc1 Rb7
64. a6 Ra7 65. Ra2 Nc7 66. e6 Rxa6 67. Rxa6 Nxa6 68. Bf4 Kg6 69. Be5 c3 70.
Kg3 c2 71. Bf4 Nc7 72. e7 Kf7 73. Kf2 Ne6 74. Be3 Kxe7 75. Ke2 Nxd4+ 76. Kd3
Ne6 77. Kxc2 Kf6 78. Bc1 Kf5 79. Kd3 h5 80. Ke2 g5 81. Kf3 d4 82. Kg3 h4+
83. Kf3 g4+ 84. Ke2 Nf4+ 85. Kf2 Ke4 86. Ke1 g3 87. Kd2 g2 88. Bb2 g1=Q 89.
Bxd4 Qxd4+ 90. Kc2 h3 91. Kb3 Qd3+ 92. Kb4 Kd5 93. Ka5 Qb3 94. Ka6 Kc6 95.
Ka7 Qb6+ 96. Ka8 Qb7# {White checkmated} 0-1

[Event "ICCopen2016"]
[Site "Internet Chess Club"]
[Date "2016.06.03"]
[Round "9"]
[White "chessasuke91"]
[Black "Sebs"]
[Result "1-0"]
[ICCResult "Black forfeits on time"]
[WhiteElo "2721"]
[BlackElo "3018"]
[Opening "Ruy Lopez: closed, Breyer, Borisenko variation"]
[ECO "C95"]
[NIC "RL.25"]
[Time "20:35:06"]
[TimeControl "180+0"]

1. e4 e5 2. Nf3 Nc6 3. Bb5 a6 4. Ba4 Nf6 5. O-O Be7 6. Re1 b5 7. Bb3 d6 8.
c3 O-O 9. h3 Nb8 10. d4 Nbd7 11. Nbd2 Bb7 12. Bc2 Re8 13. Nf1 Bf8 14. Ng3 g6
15. a4 c5 16. d5 c4 17. Bg5 h6 18. Be3 Nc5 19. Bxc5 dxc5 20. Qe2 Bd6 21. Ra2
Kg7 22. Rea1 Qd7 23. Nd2 h5 24. Ngf1 Qe7 25. Nf3 Bc7 26. Qe3 b4 27. Bd1 a5
28. Be2 Bxd5 29. exd5 e4 30. Bxc4 exf3 31. Qxf3 Qd6 32. Bb5 Re5 33. c4 Ne4
34. Rd1 Rd8 35. Raa1 Qe7 36. Bc6 Ng5 37. Qb3 Re2 38. Rd2 Rxd2 39. Nxd2 Qe2
40. Qe3 Qxe3 41. fxe3 f5 42. Kf2 Kf6 43. Ke2 Ke7 44. b3 Be5 45. Rf1 Bf6 46.
Kd3 Rf8 47. e4 Nxe4 48. Nxe4 fxe4+ 49. Kxe4 h4 50. Rf3 Kd6 51. Kd3 Bg7 52.
Re3 Be5 53. Re4 g5 54. Re2 Rf4 55. Kc2 Rf6 56. Kd3 Rf4 57. Ke3 Rf6 58. Ke4
Rf4+ 59. Kd3 Rf6 60. Bb5 Rf4 61. Kc2 Rf6 62. Kd1 Rf1+ 63. Kc2 Rf4 64. Ba6
Rf6 65. Bc8 Rf4 66. Bg4 Rf6 67. Bf3 Rf4 68. Kd3 Rf6 69. Ke4 Rf4+ 70. Kd3 Rf6
71. Re1 Rf4 72. Re2 Rd4+ 73. Kc2 Rf4 74. Re3 Rd4 75. Re2 Rf4 76. Be4 Rf6 77.
Kd3 Rf4 78. Ke3 Rf6 79. Kd3 Bd4 80. Rd2 Be5 81. Re2 Rf1 82. Bf3 Rd1+ 83. Ke4
Rd4+ 84. Kf5 Rd3 85. Rxe5 Rxb3 86. Re6+ Kd7 87. d6 Rd3 88. Rf6 Rxd6 89.
Rxd6+ Kxd6 90. Bd1 Kd7 91. Ke5 Ke7 92. Bb3 g4 93. hxg4 Kf7 94. Kf5 Ke7 95.
g5 Kd6 96. g6 Ke7 97. g7 Kf7 98. Kg5 Kxg7 99. Kxh4 Kf7 100. Kg4 Ke6 101. Kf4
Kf6 102. g4 Kg6 103. g5 Kg7 104. Kg4 Kf7 105. Kf5 Kg7 106. g6 Kg8 107. Ke5
Kf8 108. Kd5 Kg8 109. Kxc5 Kg7 110. Kb5 Kxg6 111. Kxa5 Kf5 112. Kxb4 Ke4
113. Kb5 Ke3 114. a5 Kf2 115. a6 Ke1 116. a7 Kd2 117. a8=Q Kc1 118. Qd5 Kb2
119. c5 Ka1 120. c6 Kb2 121. c7 {Black forfeits on time} 1-0

[Event "ICCopen2016"]
[Site "Internet Chess Club"]
[Date "2016.06.03"]
[Round "9"]
[White "blitzmaniac"]
[Black "AttackSparrow"]
[Result "1-0"]
[ICCResult "Black forfeits on time"]
[WhiteElo "2859"]
[BlackElo "2308"]
[Opening "Nimzovich-Larsen attack: classical variation"]
[ECO "A01"]
[NIC "VO.08"]
[Time "20:35:43"]
[TimeControl "180+0"]

1. b3 d5 2. Bb2 Bg4 3. f3 Bh5 4. e4 dxe4 5. Qe2 Bg6 6. fxe4 Nc6 7. Nf3 e5 8.
Nc3 Nf6 9. O-O-O Bc5 10. Qb5 Qd6 11. d4 Bxd4 12. Nxd4 exd4 13. Nd5 O-O 14.
Nxf6+ Qxf6 15. Qxb7 Bxe4 16. Bd3 Bd5 17. Rhf1 Qh6+ 18. Kb1 a5 19. Qb5 Rfd8
20. Bc4 Bxc4 21. Qxc4 a4 22. Qxf7+ Kh8 23. Rd3 axb3 24. axb3 Qg5 25. Rg3 Qe5
26. Qf5 Qxf5 27. Rxf5 Re8 28. Rf1 Re2 29. Rg4 h6 30. Bxd4 Nxd4 31. Rxd4 Rxg2
32. h4 Re8 33. Rc4 Rh2 34. Rf7 Ree2 35. Rcxc7 Rxh4 36. Rxg7 Rh1+ 37. Kb2
Rhh2 38. Rh7+ Kg8 39. Rhd7 Kf8 40. b4 Re4 41. Kb3 Rh5 42. Rd8+ Re8 43. Rd6
Rb8 44. c3 Rh4 45. Rf6+ Ke8 46. Rg6 Kd8 47. Rh7 {Black forfeits on time} 1-0

[Event "ICCopen2016"]
[Site "Internet Chess Club"]
[Date "2016.06.03"]
[Round "9"]
[White "GreyWarden"]
[Black "DARKTRUDER"]
[Result "0-1"]
[ICCResult "White forfeits on time"]
[WhiteElo "2006"]
[BlackElo "2320"]
[Opening "French: Steinitz, Boleslavsky variation"]
[ECO "C11"]
[NIC "FR.04"]
[Time "20:35:24"]
[TimeControl "180+0"]

1. e4 e6 2. d4 d5 3. Nc3 Nf6 4. e5 Nfd7 5. f4 c5 6. Nf3 Nc6 7. Be3 a6 8. Qd2
b5 9. dxc5 Bxc5 10. Bxc5 Nxc5 11. Qf2 Qb6 12. Bd3 b4 13. Ne2 a5 14. O-O Ba6
15. Bxa6 Rxa6 16. a3 O-O 17. axb4 Nxb4 18. Nc3 Nd7 19. Qxb6 Nxb6 20. Nd4 Nc4
21. Na4 Rc8 22. c3 Nd3 23. b3 Ncb2 24. Nxb2 Nxb2 25. Rf3 a4 26. Ra2 Nd1 27.
Ne2 a3 28. Kf1 g6 29. Ke1 Nb2 30. Kd2 Kg7 31. Nd4 h6 32. Kc2 Raa8 33. Nb5 d4
34. Nxd4 Rd8 35. Rf2 Rac8 36. Rd2 Ra8 37. Nb5 Rxd2+ 38. Kxd2 Rd8+ 39. Nd6
Ra8 40. Kc2 f6 41. b4 g5 42. g3 gxf4 43. gxf4 Kg6 44. Kb3 Nd3 45. Rxa3 Rb8
46. Ra6 Nc5+ 47. Kc4 Nxa6 48. b5 Nc7 49. Kc5 Nd5 50. b6 Nxb6 51. Kc6 Nd5 52.
Nb5 Nxf4 53. Nc7 fxe5 54. c4 Rc8 55. Kd7 Rxc7+ 56. Kxc7 Nd3 57. Kd6 e4 58.
c5 Nxc5 59. Kxc5 e3 60. Kd4 e2 61. Ke5 e1=Q+ 62. Kd6 Qf2 63. Ke7 Qxh2 64.
Kxe6 Qf4 65. Kd7 Qf5+ 66. Kc6 Qf6+ {White forfeits on time} 0-1

[Event "ICCopen2016"]
[Site "Internet Chess Club"]
[Date "2016.06.03"]
[Round "9"]
[White "HuevosDeLeon"]
[Black "Kastor"]
[Result "0-1"]
[ICCResult "White forfeits on time"]
[WhiteElo "2633"]
[BlackElo "2862"]
[Opening "Queen's pawn, Mason variation"]
[ECO "D00"]
[NIC "QP.08"]
[Time "20:35:09"]
[TimeControl "180+0"]

1. d4 d5 2. Bf4 Nf6 3. e3 Bf5 4. c4 e6 5. Nc3 Bd6 6. Bg3 c6 7. Qb3 b6 8. Nf3
h6 9. Be2 O-O 10. O-O Qe7 11. Ne5 Rd8 12. Rac1 Nfd7 13. cxd5 exd5 14. Nxc6
Nxc6 15. Nxd5 Qf8 16. Bxd6 Qxd6 17. Rxc6 Qf8 18. Rfc1 Be6 19. Bc4 Kh8 20.
Nc7 Bxc4 21. R1xc4 Rab8 22. Na6 Ra8 23. Rc7 Kg8 24. Qb4 Qe8 25. Rb7 Rdc8 26.
Rcc7 Rxc7 27. Rxc7 Nf6 28. Qc4 Ne4 29. Qc6 Nf6 30. Qxe8+ Nxe8 31. Rd7 Rc8
32. g4 Nf6 33. Rxa7 Nxg4 34. Nc7 Kf8 35. h3 Nf6 36. b4 Ne4 37. a4 Nd6 38. b5
Nc4 39. Kg2 Rd8 40. Rb7 Rd7 41. Ne6+ Ke7 42. Rxd7+ Kxd7 43. Nxg7 Nb2 44. Nf5
Nxa4 45. Nxh6 Ke6 46. d5+ Kf6 47. f4 Nc3 48. d6 Nxb5 49. e4 Nd4 50. e5+ Ke6
51. Kf2 b5 52. Ke3 Nc6 53. Ke4 f6 54. f5+ Kd7 55. exf6 Kxd6 56. f7 Ke7 57.
f6+ Kf8 58. Kf5 b4 59. Kg6 Ne5+ 60. Kf5 b3 61. Kxe5 b2 62. Ng4 b1=Q 63. Kf4
Qg6 64. h4 Qh5 65. Kg3 Qf5 66. Kh3 Qf3+ 67. Kh2 Qxg4 68. h5 Kxf7 69. Kh1
Qxh5+ 70. Kg2 Qg5+ 71. Kf2 Kxf6 72. Ke2 Qe5+ 73. Kd1 Kf5 74. Kc2 Kf4 75. Kb1
Qd4 76. Ka2 Qe3 77. Kb1 Kf3 {White forfeits on time} 0-1

[Event "ICCopen2016"]
[Site "Internet Chess Club"]
[Date "2016.06.03"]
[Round "9"]
[White "MorningRunner"]
[Black "d13gocr"]
[Result "0-1"]
[ICCResult "White resigns"]
[WhiteElo "2139"]
[BlackElo "1741"]
[Opening "Sicilian: Smith-Morra gambit"]
[ECO "B21"]
[NIC "SI.48"]
[Time "20:35:30"]
[TimeControl "180+0"]

1. e4 c5 2. d4 cxd4 3. c3 dxc3 4. Nxc3 Nc6 5. Bc4 d6 6. Nf3 a6 7. h3 Nf6 8.
O-O e6 9. Re1 Be7 10. Bg5 h6 11. Bh4 O-O 12. Qe2 b5 13. Bb3 Qb6 14. Rad1 Na5
15. Bc2 Bb7 16. e5 dxe5 17. Nxe5 Rac8 18. Ng4 Qc6 19. f3 Nc4 20. Nxf6+ Bxf6
21. Bxf6 gxf6 22. Ne4 f5 23. Nf6+ Kg7 24. Nh5+ Kg6 25. Nf4+ Kg7 26. Qf2 Qc5
27. Rd4 e5 28. Qg3+ Kh7 29. Nh5 Rg8 30. Bxf5+ Kh8 31. Qf2 Qxd4 32. Qxd4 exd4
33. Re7 Nd6 34. Bd3 Bxf3 35. Nf6 Rxg2+ 36. Kf1 Kg7 37. Nd7 Rc7 38. Re5 Rc1+
39. Re1 Rxe1+ 40. Kxe1 Ne4 41. Bxe4 Bxe4 {White resigns} 0-1

[Event "ICCopen2016"]
[Site "Internet Chess Club"]
[Date "2016.06.03"]
[Round "9"]
[White "uncleBob"]
[Black "Taechess"]
[Result "1-0"]
[ICCResult "Black forfeits on time"]
[WhiteElo "1582"]
[BlackElo "1336"]
[Opening "Queen's pawn"]
[ECO "A40"]
[NIC "QO.17"]
[Time "20:36:11"]
[TimeControl "180+0"]

1. d4 e6 2. Nf3 Nf6 3. g3 c5 4. Bg2 d5 5. O-O Be7 6. Nbd2 O-O 7. c4 Nc6 8.
dxc5 Bxc5 9. b3 dxc4 10. Nxc4 Qxd1 11. Rxd1 Bd7 12. Bf4 Nd5 13. Bd6 Bxd6 14.
Nxd6 Ncb4 15. e4 Nc3 16. Rdc1 Ne2+ 17. Kf1 Nxc1 18. Rxc1 Nc6 19. e5 Rfd8 20.
Re1 Rab8 21. Nd2 f6 22. f4 Rf8 23. N2c4 fxe5 24. Nxe5 Nxe5 25. Rxe5 a6 26.
Nxb7 Bb5+ 27. Ke1 Rfe8 28. a4 Bd3 29. Nc5 Bc2 30. Bc6 Rec8 31. Rxe6 Bxb3 32.
Nxb3 Rxb3 33. Bd5 Rb1+ 34. Kd2 Kf8 35. Rxa6 Rd8 36. Ra5 Rb2+ 37. Ke3 Rxh2
38. Be4 Rh3 39. Kf3 h5 40. Rf5+ Kg8 41. a5 h4 42. a6 Rxg3+ 43. Kf2 Ra3 44.
Bb7 Rd7 45. Re5 Rd2+ 46. Ke1 Rh2 47. Kf1 Ra1+ 48. Re1 Rh1+ 49. Bxh1 Rxa6 50.
Kg2 Kh7 51. Kh3 Kh6 52. Bf3 Rb6 53. Re2 {Black forfeits on time} 1-0